 Dungeon Crawl Stone Soup version 0.20-a0-1017-gc3250ce (webtiles) character file.

8659 Magifyre the Cleaver (level 11, -2/86 HPs)
             Began as a Formicid Fighter on Apr 16, 2017.
             Was a Believer of the Shining One.
             Slain by Snorg (5 damage)
             ... on level 10 of the Dungeon.
             The game lasted 00:30:04 (11056 turns).

Magifyre the Cleaver (Formicid Fighter)            Turns: 11056, Time: 00:30:06

Health: -2/86      AC: 16    Str: 23    XL:     11   Next: 59%
Magic:  16/16      EV:  7    Int: 10    God:    the Shining One [**....]
Gold:   658        SH: 12    Dex: 13    Spells: 10/10 levels left

rFire    . . .     SeeInvis +   z - +0 battleaxe (flame) (curse)
rCold    . . .     Gourm    .   c - +0 shield
rNeg     + . .     Faith    .   S - +0 plate armour
rPois    .         Spirit   .   (helmet unavailable)
rElec    .         Reflect  .   u - +0 cloak
rCorr    +         Harm     .   r - +0 pair of gloves
MR       +....                  (no boots)
Stlth    ..........             (no amulet)
Regen    0.3/turn               g - ring of resist corrosion
MPRegen  0.2/turn               p - ring of stealth

@: glowing
A: permanent stasis, dig shafts and tunnels, four strong arms, antennae 3,
hooves 1, clever 1, strong 1, MP-powered wands
a: Dig, Shaft Self, Divine Shield, Renounce Religion


You were on level 10 of the Dungeon.
You worshipped the Shining One.
The Shining One was pleased with you.
You were near starving.

You visited 2 branches of the dungeon, and saw 11 of its levels.
You also visited: Sewer.

You collected 658 gold pieces.

Inventory:

Hand Weapons
 x - a +5 hand axe
 z - a cursed +0 battleaxe of flaming (weapon)
Missiles
 l - a throwing net
 C - 7 tomahawks of returning (quivered)
 D - 6 exploding tomahawks
 G - 5 tomahawks
Armour
 c - a +0 shield (worn)
 r - a +0 pair of gloves (worn)
 u - a +0 cloak (worn)
 M - a scarf of cold resistance
 S - a +0 plate armour (worn)
Jewellery
 g - a ring of resist corrosion (left hand)
 p - a ring of stealth (right hand)
Wands
 a - a wand of polymorph (16/24)
 b - a wand of lightning (7/15)
 v - a wand of lightning (5/15)
 H - a wand of acid (15/15)
Scrolls
 e - 2 scrolls of fog
 h - a scroll of recharging
 j - 3 scrolls of enchant weapon {unknown}
 k - 2 scrolls of identify
 o - 4 scrolls of remove curse
 w - 2 scrolls of magic mapping {unknown}
 A - 3 scrolls of teleportation {unknown}
 B - a scroll of amnesia {unknown}
 E - a scroll of random uselessness {unknown}
 F - 2 scrolls of fear {unknown}
 J - a scroll of holy word {unknown}
 P - a scroll of silence {unknown}
 Q - a scroll of enchant armour {unknown}
Potions
 d - 2 potions of might
 m - a potion of curing
 q - 2 potions of heal wounds
 K - a potion of flight
 L - a potion of agility
Miscellaneous
 R - a crystal ball of energy
Comestibles
 f - 6 bread rations
 i - 4 meat rations


   Skills:
 + Level 8.1 Fighting
 + Level 11.6 Axes
 + Level 8.0 Armour
 + Level 8.8 Shields
 + Level 6.8 Invocations


You had 10 spell levels left.
You didn't know any spells.

Dungeon Overview and Level Annotations

Branches:
Dungeon (10/15)            Temple (1/1) D:6
   Lair: D:8-11         Orc: D:9-12

Altars:
Ashenzari
Cheibriados
Dithmenos
Elyvilon
Fedhas
Gozag
Hepliaklqana
Kikubaaqudgha
Makhleb
Nemelex Xobeh
Okawaru
Qazlal
Ru
Sif Muna
Trog
Uskayaw
Vehumet
Wu Jian
Xom
Yredelemnul
Zin
The Shining One

Shops:
D:4 :([%   D:6 %

Annotations:
D:10 Snorg


Innate Abilities, Weirdness & Mutations

You cannot be hasted, slowed, berserked, paralysed or teleported.
You can dig through walls and to a lower floor.
Your four strong arms can wield two-handed weapons with a shield.
You have a pair of large antennae on your head. (SInv)
You have large cloven feet.
Your mind is acute. (Int +2)
Your muscles are strong. (Str +2)
You expend magic power (3 MP) to strengthen your wands.


Message History

You block Snorg's attack.
The centaur warrior skeleton misses you.
You slice Snorg!! You burn Snorg! You kick Snorg, but do no damage.
Snorg is heavily wounded.
You hit the centaur warrior skeleton. You burn the centaur warrior skeleton.
Snorg closely misses you. Snorg claws you!
* * * LOW HITPOINT WARNING * * *
Snorg claws you.
* * * LOW HITPOINT WARNING * * *
The centaur warrior skeleton hits you but does no damage.
Snorg bites you!! The Shining One protects you from harm!
You block Snorg's attack. Snorg barely misses you.
You barely miss Snorg.
Snorg is heavily wounded.
You slash the centaur warrior skeleton! You burn the centaur warrior skeleton.
Snorg bites you.
* * * LOW HITPOINT WARNING * * *
Snorg claws you.
You die...

## ####### ..
#...... #.##
#...... ...#
#...... ...#
#......###...#
#......TZ....#.#
+.......@......+
#.......#<....##
####....#####.#
####.. . ### {


You could see Snorg (berserk) and a centaur warrior skeleton.

Vanquished Creatures
  3 two-headed ogres
  A flayed ghost (D:9)
  Pikel (D:8)
  A meliai (shapeshifter) (D:8)
  2 hippogriffs (D:9)
  4 wraiths (D:9)
  A shadow (D:9)
  Eustachio (D:5)
  3 sky beasts
  2 orc warriors
  Duvessa (D:6)
  4 ice beasts
  A black bear (D:7)
  A hornet zombie (D:8)
  Purgy (Sewer)
  2 phantoms
  4 ogres
  A necrophage (D:8)
  3 centaurs
  6 bullfrogs
  3 scorpions
  Dowan (D:6)
  3 killer bees (D:9)
  4 wights (D:9)
  3 howler monkeys (D:7)
  7 crimson imps
  A quasit (D:7)
  4 orc priests
  A bullfrog skeleton (D:5)
  3 hounds
  2 jellies (D:5)
  A centaur skeleton (D:9)
  Ijyb (D:4)
  Natasha (thrice) (D:4)
  3 iguanas
  6 orc wizards
  9 worker ants
  10 adders
  7 gnolls
  2 river rats (D:3)
  4 shadow imps
  2 adder skeletons
  A worm (D:3)
  3 leopard geckos
  21 orcs
  5 ball pythons
  17 bats
  4 giant cockroaches
  12 goblins
  6 hobgoblins
  13 jackals
  2 quokkas
  3 frilled lizards
  6 kobolds
  A quokka zombie (D:9)
  9 rats
226 creatures vanquished.

Vanquished Creatures (others)
  An ice beast (D:8)
  2 slaves (D:8)
  An orc wizard (D:8)
  A centaur skeleton (D:8)
  A hound (D:8)
  A leopard gecko skeleton (D:8)
7 creatures vanquished.

Grand Total: 233 creatures vanquished

Notes
Turn   | Place    | Note
-------+----------+-------------------------------------------
     0 | D:1      | Magifyre the Formicid Fighter began the quest for the Orb.
     0 | D:1      | Reached XP level 1. HP: 18/18 MP: 1/1
   244 | D:1      | Reached XP level 2. HP: 22/24 MP: 2/2
   809 | D:2      | Reached skill level 3 in Axes
   911 | D:2      | Reached XP level 3. HP: 25/29 MP: 3/3
   925 | D:2      | Found a deep blue altar of Sif Muna.
  1173 | D:2      | Found a hide-covered altar of Uskayaw.
  1422 | D:3      | Found a blossoming altar of Fedhas.
  1437 | D:3      | Found a stormy altar of Qazlal.
  1490 | D:3      | Reached skill level 4 in Axes
  1490 | D:3      | Reached XP level 4. HP: 15/35 MP: 4/4
  1633 | D:3      | Found a glowing drain.
  1728 | Sewer    | Entered a sewer
  1738 | Sewer    | Noticed Purgy
  1759 | Sewer    | Killed Purgy
  1759 | Sewer    | Reached skill level 5 in Axes
  1759 | Sewer    | Reached XP level 5. HP: 2/41 MP: 5/5
  2300 | D:3      | Reached XP level 6. HP: 47/47 MP: 6/6
  2310 | D:3      | Reached skill level 6 in Axes
  2726 | D:4      | Noticed a phantom
  2743 | D:4      | Killed a phantom
  2770 | D:4      | Found Hatux's Food Shop.
  2777 | D:4      | Found Qekumed's Antique Armour Shoppe.
  2783 | D:4      | Reached skill level 7 in Axes
  2783 | D:4      | Reached XP level 7. HP: 36/52 MP: 7/7
  2943 | D:4      | Found Puwiuric's Book Shop.
  3199 | D:4      | Noticed Ijyb
  3209 | D:4      | Killed Ijyb
  3332 | D:4      | Found Ijeafuoh's Weapon Boutique.
  3506 | D:4      | Reached skill level 8 in Axes
  3540 | D:4      | Noticed Natasha
  3547 | D:4      | Killed Natasha
  3600 | D:4      | Noticed Natasha
  3611 | D:4      | Killed Natasha
  3644 | D:4      | Noticed Natasha
  3655 | D:4      | Killed Natasha
  3655 | D:4      | Reached XP level 8. HP: 41/58 MP: 8/8
  4013 | D:5      | Entered Level 5 of the Dungeon
  4014 | D:5      | Noticed Eustachio
  4214 | D:5      | Killed Eustachio
  4214 | D:5      | Reached skill level 9 in Axes
  4655 | D:5      | Found a hazy altar of Hepliaklqana.
  4849 | D:5      | Reached skill level 10 in Axes
  5175 | D:6      | Reached XP level 9. HP: 46/65 MP: 9/9
  5326 | D:6      | Found a staircase to the Ecumenical Temple.
  5367 | D:6      | Noticed Duvessa
  5368 | D:6      | Noticed Dowan
  5381 | D:6      | Killed Dowan
  5384 | D:6      | Killed Duvessa
  5469 | Temple   | Entered the Ecumenical Temple
  5519 | Temple   | Became a worshipper of the Shining One
  5897 | D:6      | Reached skill level 5 in Shields
  6293 | D:6      | Found Dirup's Food Shoppe.
  6465 | D:7      | Reached skill level 1 in Invocations
  6467 | D:7      | Reached skill level 5 in Fighting
  6551 | D:7      | HP: 1/68 [orc warrior/halberd (16)]
  6553 | D:7      | Reached skill level 5 in Armour
  6883 | D:7      | Gained mutation: You expend magic power (3 MP) to strengthen your wands. [potion of mutation]
  6883 | D:7      | Gained mutation: Your spells are a little easier to cast, but a little less powerful. [potion of mutation]
  6883 | D:7      | Gained mutation: Your flesh is heat resistant. (rF+) [potion of mutation]
  6884 | D:7      | Lost mutation: You expend magic power (3 MP) to strengthen your wands. [potion of mutation]
  6884 | D:7      | Lost mutation: Your flesh is heat resistant. (rF+) [potion of mutation]
  6884 | D:7      | Lost mutation: Your spells are a little easier to cast, but a little less powerful. [potion of mutation]
  6884 | D:7      | Gained mutation: You are dopey. (Int -2) [potion of mutation]
  6884 | D:7      | Lost mutation: You are dopey. (Int -2) [potion of mutation]
  6884 | D:7      | Gained mutation: Your muscles are strong. (Str +2) [potion of mutation]
  7087 | D:7      | Got a shimmering leather armour
  7098 | D:7      | Identified the cursed +1 leather armour of Quantum Leap {rF- Str+10 Int-5} (You found it on level 7 of the Dungeon)
  7187 | D:7      | Found a sacrificial altar of Ru.
  7548 | D:7      | Reached XP level 10. HP: 76/76 MP: 12/12
  7707 | D:8      | Noticed Pikel
  7726 | D:8      | Killed Pikel
  7849 | D:8      | Gained mutation: Your mind is acute. (Int +2) [mutagenic meat]
  7850 | D:8      | Gained mutation: You expend magic power (3 MP) to strengthen your wands. [mutagenic meat]
  7851 | D:8      | Gained mutation: You have large cloven feet. [mutagenic meat]
  7861 | D:8      | Reached * piety under the Shining One
  8003 | D:8      | Noticed a two-headed ogre
  8016 | D:8      | Killed a two-headed ogre
  8016 | D:8      | Reached skill level 11 in Axes
  8588 | D:8      | Noticed a two-headed ogre
  8600 | D:8      | Killed a two-headed ogre
  8600 | D:8      | Reached skill level 5 in Invocations
  8890 | D:8      | Found a basalt altar of Yredelemnul.
  8890 | D:8      | Found a shattered altar of Ashenzari.
  8891 | D:8      | Found an iron altar of Okawaru.
  8907 | D:8      | Found an ancient bone altar of Kikubaaqudgha.
  9407 | D:8      | Reached XP level 11. HP: 66/84 MP: 15/15
  9573 | D:9      | Noticed a two-headed ogre
  9587 | D:9      | Killed a two-headed ogre
  9946 | D:9      | Found a runed door.
  9951 | D:9      | Found a glowing silver altar of Zin.
  9964 | D:9      | Found a basalt altar of Yredelemnul.
  9982 | D:9      | Found a shimmering altar of Xom.
  9989 | D:9      | Found an ornate altar of the Wu Jian Council.
 10095 | D:9      | Found a radiant altar of Vehumet.
 10113 | D:9      | Reached ** piety under the Shining One
 10132 | D:9      | Found a burning altar of Makhleb.
 10962 | D:9      | Noticed a flayed ghost
 10978 | D:9      | Killed a flayed ghost
 11045 | D:10     | Entered Level 10 of the Dungeon
 11047 | D:10     | Noticed Snorg
 11055 | D:10     | The Shining One protects you from harm!
 11056 | D:10     | HP: 3/86 [Snorg (6)]
 11056 | D:10     | Slain by Snorg

Vault maps used:
D:1:      lemuel_arrival_rhombus, minmay_misc_feat_diagonals,
          kennysheep_small_spiral, minmay_misc_feat_more_columns,
          wad_floor_pattern_2
D:2:      grunt_temple_overflow_open, first_bread
D:3:      grunt_temple_overflow_forces_of_nature, portal_sewer_entry_e
D:4:      kennysheep_goblin_castle, serial_shops,
          nicolae_shop_temple_entry_statues_fountains, shop,
          kennysheep_little_box, shop_coins, uniq_natasha
D:5:      marbit_many_paths, minmay_large_rounded_square, uniq_eustachio
D:6:      minmay_temple_entry_hall, serial_shops, nicolae_shop_window_shopping,
          fountainhead, st_stairs_7, minmay_misc_feat_ornament, uniq_duvessa
D:7:      lemuel_doored_altar
D:8:      wad_statue_garden, nicolae_overflow_quartered_altars, st_stairs_10,
          uniq_pikel
D:9:      due_megacathedral
D:10:     erik_orc_3, uniq_snorg
Temple:   minmay_temple_bridge_abc
Sewer:    kennysheep_door_sewer

Skill      XL: |  1  2  3  4  5  6  7  8  9 10 11 |
---------------+----------------------------------+-----
Axes           | 3 4 5 7 8 10 11 | 11.6
Shields        | 4 5 7 8 |  8.8
Fighting       | 5 7 8 |  8.1
Armour         | 5 7 8 |  8.0
Invocations    | 2 5 6 |  6.8

Action                   |  1- 3 |  4- 6 |  7- 9 | 10-12 || total
-------------------------+-------+-------+-------+-------++-------
Melee: War axe           |   107 |    87 |       |       ||   194
       Hand axe          |       |    40 |   360 |   322 ||   722
       Kick              |       |       |       |   105 ||   105
       Battleaxe         |       |       |       |    30 ||    30
  Use: Scroll            |       |       |     9 |     9 ||    18
       Potion            |       |       |     2 |       ||     2
  Eat: Chunk             |     2 |     4 |    16 |    12 ||    34
Armor: Scale mail        |    52 |    57 |   108 |       ||   217
       Chain mail        |       |       |    48 |    20 ||    68
       Plate armour      |       |       |       |    80 ||    80
Dodge: Dodged            |    39 |    37 |   106 |    54 ||   236
Block: Shield            |    58 |    69 |   174 |   146 ||   447
